 Dungeon Crawl Stone Soup version 0.30-a0-1053-gbd8d5ba0ad (webtiles) character file.

Game seed: 13444399740957332981

350256 Charly the Warrior (level 22, -1/230 HPs)
             Began as a Naga Berserker on Apr 11, 2023.
             Was the Champion of Trog.
             Killed by divine providence
             ... invoked by Khufu
              (11 damage)
             ... on level 2 of the Crypt.
             The game lasted 01:17:06 (36130 turns).

Charly the Warrior (Naga Berserker)                Turns: 36130, Time: 01:17:06

Health: -1/230     AC: 37    Str: 33    XL:     22   Next: 20%
Magic:  22/22      EV: 11    Int: 12    God:    Trog [******]
Gold:   2822       SH: 17    Dex: 14    Spells: 21/21 levels left

rFire   + + .      SeeInvis +    a - +16 consecrated labrys {holy, Valiant Fragile Fly SInv}
rCold   + + +      Faith    .    Y - +3 kite shield of a treasure trove {Rampage rF+++ Dex-3 Stlth+}
rNeg    . . .      Spirit   .    T - +2 ice dragon scales
rPois   +          Reflect  .    g - +1 helmet
rElec   +          Rampage  +    c - +2 cloak {rCorr}
rCorr   +                        O - +1 pair of gloves of Kesiykei {Str+3 SInv}
Will    ++...                    M - +1 barding
Stlth   +                        y - amulet of regeneration
HPRegen 1.38/turn                e - ring of Watoxits {rElec rPois rC+ Int+4 Dex+6}
MPRegen 0.18/turn                P - +5 ring of evasion

@: marked, flying, very slow
A: AC +7, large, see invisible, deformed body, poison resistance, slowness 2,
spit poison 1, naga tail 2
}: 2/15 runes: decaying, serpentine
a: Spit Poison, Renounce Religion, Berserk, Trog's Hand, Brothers in Arms


You were on level 2 of the Crypt.
You worshipped Trog.
Trog was exalted by your worship.
You visited 7 branches of the dungeon, and saw 35 of its levels.
You visited the Abyss 1 time.
You also visited: Trove and Ice Cave.

You collected 5669 gold pieces.
You spent 2847 gold pieces at shops.

Inventory:

Hand Weapons
 a - the +16 consecrated labrys (weapon) {holy, Valiant Fragile Fly SInv}
   (You found it in a treasure trove)

   Valiant:   It becomes more powerful as more dangerous foes come into view.
   SInv:      It lets you see invisible.
   Fly:       It grants you flight.
   Fragile:   It will be destroyed if unequipped.
 t - a +6 broad axe of flaming
Missiles
 h - 5 curare-tipped darts
 C - 4 throwing nets
Armour
 c - a +2 cloak of preservation (worn)
 g - a +1 helmet (worn)
 M - a +1 barding (worn)
 O - the +1 pair of gloves of Kesiykei (worn) {Str+3 SInv}
   (You found it on level 1 of the Crypt)

   Str:       It affects your strength (+3).
   SInv:      It lets you see invisible.
 T - +2 ice dragon scales (worn)
 Y - the +3 kite shield of a treasure trove (worn) {Rampage rF+++ Dex-3 Stlth+}
   (You took it off a death knight on level 14 of the Dungeon)

   Dex:       It affects your dexterity (-3).
   rF:        It renders you almost immune to fire.
   Rampage:   It bestows one free step when moving towards enemies.
   Stlth:     It makes you more stealthy.
Jewellery
 e - the ring of Watoxits (left hand) {rElec rPois rC+ Int+4 Dex+6}
   (You found it on level 5 of the Lair of Beasts)

   [ring of dexterity]

   Int:       It affects your intelligence (+4).
   Dex:       It affects your dexterity (+6).
   rC:        It protects you from cold.
   rElec:     It insulates you from electricity.
   rPois:     It protects you from poison.
 n - a ring of positive energy
 y - an amulet of regeneration (around neck)
 F - an amulet of faith
 P - a +5 ring of evasion (right hand)
Wands
 d - a wand of flame (11)
 k - a wand of polymorph (3)
 G - a wand of paralysis (28)
 K - a wand of iceblast (10)
 N - a wand of light (19)
 W - a wand of mindburst (6)
 X - a wand of digging (15)
Scrolls
 b - 4 scrolls of enchant weapon
 f - 3 scrolls of silence
 j - 8 scrolls of teleportation
 m - 18 scrolls of identify
 o - 5 scrolls of immolation
 p - 11 scrolls of fog
 q - 3 scrolls of magic mapping
 r - 13 scrolls of fear
 s - 10 scrolls of blinking
 u - 8 scrolls of poison
 x - 3 scrolls of butterflies
 I - 6 scrolls of vulnerability
Potions
 i - 10 potions of curing
 l - 9 potions of might
 v - 7 potions of lignification
 w - 2 potions of magic
 z - 5 potions of cancellation
 A - 8 potions of haste
 B - 4 potions of attraction
 D - 6 potions of mutation
 E - 13 potions of heal wounds
 J - a potion of invisibility
 L - 5 potions of ambrosia
 R - 4 potions of berserk rage
 V - 5 potions of flight
 Z - 4 potions of resistance
Miscellaneous
 H - a condenser vane
 Q - a box of beasts
 U - a phantom mirror


   Skills:
 + Level 20.6 Fighting
 - Level 18.0 Axes
 + Level 16.4 Armour
 - Level 1.5 Dodging
 + Level 16.7 Shields
 + Level 12.3 Evocations


You had 21 spell levels left.
You didn't know any spells.
Your spell library was empty.

Dungeon Overview and Level Annotations

Branches:
Dungeon (15/15)            Temple (0/1) D:6            Lair (5/5) D:9
  Swamp (4/4) Lair:2        Snake (4/4) Lair:2        Slime (0/5) Lair:4
    Orc (2/2) D:12            Elf (0/3) Orc:2        Vaults (3/5) D:13
  Crypt (2/3) Vaults:3     Depths (0/4) D:15          IceCv (visited)

Altars:
Cheibriados
Dithmenos
Elyvilon
Fedhas
Hepliaklqana
Kikubaaqudgha
Makhleb
Nemelex Xobeh
Okawaru
Qazlal
Ru
Sif Muna
Trog
Uskayaw
Vehumet
Wu Jian
Yredelemnul
Zin
Jiyva
Lugonu

Shops:
D:5 *   D:9 !   D:13 !   Orc:1 (   Orc:2 *[=(   Snake:2 :=:   Snake:4 (
Vaults:3 *=(=

Portals:
Abyss: Lair:5

Annotations:
Crypt:2 Khufu


Innate Abilities, Weirdness & Mutations

Your serpentine skin is tough. (AC +7)
You have supernaturally acute eyesight. (SInv)
Armour fits poorly on your strangely shaped body.
Your system is resistant to poisons. (rPois)
You cover ground very slowly.
You can spit poison.
You can use your snake-like lower body to constrict enemies.


Message History

The emperor scorpion convulses! x2; Your body is wracked with pain!
* * * LOW HITPOINT WARNING * * *
You slice Khufu!!
Khufu convulses!
Khufu is almost destroyed.
You slash the emperor scorpion! You constrict Khufu!
The emperor scorpion barely misses you.
You block the emperor scorpion's attack.
The emperor scorpion claws you but does no damage.
A freezing wraith comes into view.
The deep elf death mage gestures at you while chanting.
The bolt of negative energy hits the royal mummy.
The royal mummy completely resists.
The bolt of negative energy hits Khufu.
Khufu completely resists.
The bolt of negative energy misses you. Khufu gestures at you while chanting.
Something smites you!
* * * LOW HITPOINT WARNING * * *
You slash Khufu!
Khufu convulses!
Khufu is almost destroyed.
You hit the emperor scorpion but do no damage.
You constrict Khufu. The emperor scorpion barely misses you.
You block the emperor scorpion's attack. x2
Khufu queries, "My people built me a pyramid - what did your people build for you?"
Khufu calls on the powers of darkness!
The emperor scorpion convulses! x2; Your body is wracked with pain!
* * * LOW HITPOINT WARNING * * *
The emperor scorpion convulses! x2; The deep elf death mage convulses!
The royal mummy casts a spell at you. Something smites you!
* * * LOW HITPOINT WARNING * * *
A revenant comes into view.
Blink to where?
Press: ? - help, Dir - move target You lose your grip on Khufu.
A soul eater comes into view.
As you read the scroll of blinking, it crumbles to dust.
The soul eater hits you.
* * * LOW HITPOINT WARNING * * *
Khufu casts a spell at you. Something smites you!
You die...

#.# ######.#
#.# ##@3....#
#.# #..######
#.# #.## #.#
#.# #.+ #.#
##.# #.#
##..#######
####s#
###..........
#.sMM#
#...####.#.#.
.
#..sM#####.###
#.#...


You could see Khufu, a royal mummy, an emperor scorpion (summoned) and a soul
eater.

Vanquished Creatures
  A dread lich (Crypt:1)
  An ancient lich (Crypt:1)
  Nikola (Vaults:1)
  Jorgrun (Snake:1)
  Mlioglotl (Snake:2)
  A shard shrike skeleton (Crypt:2)
  A lich (Crypt:1)
  A tentacled starspawn (Abyss:3)
  A sphinx (Vaults:1)
  An ancient champion (Crypt:2)
  Kirke (D:13)
  4 azure jellies
  2 revenants
  9 nagarajas (Snake:4)
  A fenstrider witch (Swamp:3)
  A rockslime (IceCv)
  Aizul (Snake:2)
  2 frost giants (Vaults:2)
  12 vault wardens
  Louise (D:14)
  2 orc warlords
  3 curse skulls (Crypt:1)
  10 ironbound preservers
  A reaper (Crypt:2)
  8 ghouls
  4 quicksilver oozes (IceCv)
  10 ironbound thunderhulks
  4 very ugly things
  2 eleionomae
  3 vampire knights
  6 dire elephants
  Azrael (D:13)
  An eidolon (Crypt:1)
  7 bunyips
  A crystal guardian (Vaults:2)
  An entropy weaver (Vaults:2)
  6 yaktaur captains
  A deep elf high priest (Vaults:1)
  5 great orbs of eyes
  7 jiangshi
  A shambling mangrove (Swamp:2)
  9 hydras
  4 salamander tyrants
  A peacekeeper (Vaults:2)
  3 ice dragons (Swamp:4)
  A vault guard (Vaults:3)
  A caustic shrike simulacrum (Crypt:2)
  A catoblepas (D:14)
  14 centaur warriors
  An ogre mage (Orc:1)
  5 anacondas
  11 two-headed ogres
  7 alligators
  5 ironbound frosthearts
  2 dancing weapons (D:13)
  A death knight (D:14)
  3 boulder beetles
  3 tengu warriors (D:14)
  14 naga warriors
  7 vampire magi
  A death yak (Lair:3)
  2 thrashing horrors (Lair:5)
  5 orc high priests (Orc:2)
  12 naga sharpshooters
  10 shock serpents
  3 fire crabs (Lair:3)
  20 skeletal warriors
  A flayed ghost (Crypt:2)
  2 salamander mystics (Snake:2)
  3 goliath frogs
  A sea snake (Snake:3)
  An anaconda zombie (Crypt:1)
  A skyshark (Lair:5)
  21 deep trolls
  5 spriggan druids
  A glowing orange brain (Vaults:1)
  3 bog bodies
  3 phantasmal warriors (Crypt:1)
  7 naga ritualists
  11 lindwurms
  9 ironbound convokers
  An orange crystal statue (IceCv)
  4 swamp dragons
  26 ugly things
  A stone giant zombie (Crypt:1)
  11 wizards
  2 harpies
  4 necromancers
  An anaconda skeleton (Crypt:1)
  5 deep elf pyromancers
  6 orc knights
  A wolf spider (Vaults:3)
  11 mana vipers
  A manticore (D:14)
  8 cyclopes
  15 salamanders
  5 orc sorcerers
  A will-o-the-wisp (Swamp:1)
  A manticore (shapeshifter) (D:14)
  12 vault sentinels
  8 elephants
  An ice statue (D:14)
  A stone giant skeleton (Crypt:1)
  35 black mambas
  19 naga magi
  A dire elephant zombie (Crypt:2)
  6 guardian serpents
  3 smoke demons
  A minotaur zombie (Crypt:1)
  13 cane toads
  2 centaur skeletons (D:15)
  An unseen horror (D:12)
  A red draconian zombie (Crypt:1)
  5 komodo dragons
  Maggie (D:9)
  A kobold demonologist (D:14)
  6 rime drakes
  5 freezing wraiths
  22 yaktaurs
  A swamp worm zombie (Crypt:1)
  2 tengu conjurers (D:14)
  A harpy zombie (Crypt:2)
  A hydra zombie (Crypt:2)
  2 ancient zymes (Lair:5)
  9 trolls
  A bloated husk (Swamp:1)
  8 tyrant leeches
  7 hornets
  4 polar bears
  An iron dragon simulacrum (Abyss:2)
  Prince Ribbit (D:7)
  A meliai zombie (D:15)
  15 blink frogs
  Grinder (D:6)
  Sigmund (D:3)
  7 dream sheep (Lair:3)
  7 flying skulls (Crypt:1)
  33 slime creatures
  A culicivora (Vaults:2)
  4 wyverns
  2 vampires (D:10)
  3 hogs (D:13)
  An ice dragon skeleton (Crypt:1)
  26 yaks
  11 spriggans
  A wraith (Crypt:1)
  A ynoxinul (Abyss:2)
  6 basilisks
  A fire elemental (D:13)
  2 redbacks (Vaults:2)
  11 small abominations
  A redback (shapeshifter) (D:14)
  3 chaos spawn (Lair:5)
  3 large abominations
  3 steam dragons
  5 swamp worm simulacra (Swamp:4)
  10 vampire mosquitoes
  13 swamp worms
  Edmund (D:5)
  53 nagas
  7 water moccasins
  15 hydra simulacra (Swamp:4)
  3 hell hounds (D:13)
  3 acid dragons
  A floating eye (shapeshifter) (Lair:5)
  30 orc warriors
  An entropy weaver zombie (Crypt:1)
  Duvessa (D:4)
  3 great orb of eyes simulacra (IceCv)
  6 ice beasts
  A swamp drake (D:12)
  A black bear (Lair:1)
  14 boggarts
  A hornet zombie (D:15)
  An ogre (shapeshifter) (Lair:5)
  7 ogres
  7 wolves
  A hog zombie (Crypt:2)
  2 phantoms (D:7)
  16 centaurs
  5 slime creature simulacra (IceCv)
  2 kobold brigands
  11 bullfrogs
  6 glowing shapeshifter simulacra (IceCv)
  2 necrophages (Crypt:2)
  4 gnoll sergeants
  6 scorpions
  15 wights
  A hornet simulacrum (D:15)
  Dowan (D:4)
  5 killer bees (D:7)
  8 electric eels
  A spriggan skeleton (Crypt:2)
  3 howler monkeys
  2 lava snakes (Lair:5)
  19 orc priests
  15 jellies
  3 gnoll boudas
  A sleepcap (D:5)
  7 iguanas
  Natasha (thrice) (D:3)
  Terence (D:3)
  A basilisk skeleton (Crypt:1)
  A boggart zombie (Crypt:1)
  A human skeleton (Crypt:1)
  27 orc wizards
  A hell rat (Lair:3)
  An ice beast zombie (Crypt:2)
  An ogre skeleton (Crypt:2)
  Robin (D:3)
  30 gnolls
  A steam dragon zombie (Crypt:1)
  An adder (D:5)
  A white imp (D:7)
  2 ufetubi (D:6)
  3 swamp drake simulacra (Swamp:4)
  2 dart slugs
  86 orcs
  10 ball pythons
  8 endoplasms
  2 giant cockroaches (D:1)
  14 goblins
  7 hobgoblins
  7 jackals
  3 training dummies (Snake:4)
  7 bats
  2 frilled lizards (D:2)
  A frilled lizard skeleton (Crypt:2)
  A hobgoblin zombie (Crypt:1)
  A jackal skeleton (Crypt:1)
  19 kobolds
  5 rats
  A rat skeleton (Crypt:2)
  A bush (Lair:4)
  A lurking horror (Abyss:2)
1348 creatures vanquished.

Vanquished Creatures (collateral kills)
  A hydra (D:14)
  A komodo dragon (Lair:2)
2 creatures vanquished.

Vanquished Creatures (others)
  A bunyip (Swamp:4)
  A hydra (Swamp:1)
  A will-o-the-wisp (Swamp:4)
  A bloated husk (Swamp:1)
  A water moccasin (D:7)
  A howler monkey (D:7)
  A lava snake (Lair:5)
  A bush (Lair:2)
  2 foxfires (Swamp:1)
  18 fungi
  A lurking horror (Abyss:2)
  29 plants
  2 starspawn tentacles (Abyss:3)
60 creatures vanquished.

Grand Total: 1410 creatures vanquished

Notes
Turn   | Place    | Note
-------+----------+-------------------------------------------
     0 | D:1      | Charly the Naga Berserker began the quest for the Orb.
     0 | D:1      | Reached XP level 1. HP: 21/21 MP: 1/1
   154 | D:1      | Reached XP level 2. HP: 28/28 MP: 2/2
   645 | D:1      | Found a faded altar of an unknown god.
   899 | D:2      | Reached XP level 3. HP: 34/34 MP: 3/3
  1788 | D:3      | Noticed Natasha
  1793 | D:3      | Killed Natasha
  1794 | D:3      | Reached XP level 4. HP: 44/44 MP: 4/4
  2059 | D:3      | Noticed Sigmund
  2196 | D:3      | Killed Sigmund
  2197 | D:3      | Reached skill level 4 in Fighting
  2197 | D:3      | Reached skill level 5 in Axes
  2197 | D:3      | Reached XP level 5. HP: 51/51 MP: 5/5
  2197 | D:3      | Reached XP level 6. HP: 58/58 MP: 6/6
  2254 | D:3      | Noticed Robin
  2258 | D:3      | Killed Robin
  2270 | D:3      | Noticed Natasha
  2274 | D:3      | Killed Natasha
  2329 | D:3      | Reached ** piety under Trog
  2387 | D:3      | Noticed Natasha
  2396 | D:3      | Killed Natasha
  2507 | D:3      | Noticed Terence
  2521 | D:3      | Killed Terence
  2873 | D:3      | Found a stormy altar of Qazlal.
  2874 | D:3      | Noticed a water elemental
  2878 | D:3      | Noticed an air elemental
  2878 | D:3      | Noticed a fire elemental
  3188 | D:4      | Noticed Duvessa
  3263 | D:4      | Identified the +6 spear of Zoudghoa {freeze, Will++ MP-9}
  3401 | D:4      | Reached skill level 5 in Fighting
  3568 | D:4      | Noticed Dowan
  3587 | D:4      | Killed Duvessa
  3588 | D:4      | Reached XP level 7. HP: 67/67 MP: 0/7
  3590 | D:4      | Killed Dowan
  3845 | D:5      | Entered Level 5 of the Dungeon
  3845 | D:5      | Noticed Edmund
  3919 | D:5      | Killed Edmund
  3978 | D:5      | Found a blossoming altar of Fedhas.
  3989 | D:5      | Reached XP level 8. HP: 76/76 MP: 0/8
  4079 | D:5      | Reached skill level 6 in Fighting
  4210 | D:5      | Found Gaukogim's General Store.
  4882 | D:5      | Bought a scroll of fog for 40 gold pieces
  4882 | D:5      | Bought a scroll of identify for 20 gold pieces
  4984 | D:6      | Noticed Grinder
  4990 | D:6      | Reached skill level 1 in Evocations
  5051 | D:6      | Killed Grinder
  5245 | D:6      | Found a staircase to the Ecumenical Temple.
  5633 | D:6      | Reached XP level 9. HP: 85/85 MP: 0/9
  5696 | D:6      | Reached skill level 7 in Fighting
  6108 | D:7      | Found a snail-covered altar of Cheibriados.
  6251 | D:7      | Reached skill level 10 in Axes
  6308 | D:7      | Reached *** piety under Trog
  6761 | D:7      | Found a sacrificial altar of Ru.
  6792 | D:7      | Found a bloodstained altar of Trog.
  6934 | D:7      | Reached skill level 8 in Fighting
  7013 | D:7      | Reached XP level 10. HP: 89/96 MP: 1/10
  7125 | D:7      | Noticed Prince Ribbit
  7140 | D:7      | Killed Prince Ribbit
  7226 | D:7      | Reached skill level 5 in Evocations
  7359 | D:7      | You fall into a shaft and drop 3 floors!
  7359 | D:10     | Entered Level 10 of the Dungeon
  7760 | D:9      | Noticed Maggie
  8314 | D:10     | Noticed a two-headed ogre
  8324 | D:10     | Killed a two-headed ogre
  8325 | D:10     | Reached skill level 9 in Fighting
  8411 | D:9      | Killed Maggie
  8561 | D:9      | Reached XP level 11. HP: 103/106 MP: 11/11
  8741 | D:8      | Reached **** piety under Trog
  9280 | D:9      | Found Xirphiuxi's Distillery.
  9289 | D:9      | Bought a potion of heal wounds for 80 gold pieces
  9289 | D:9      | Bought a potion of heal wounds for 80 gold pieces
  9289 | D:9      | Bought a potion of invisibility for 128 gold pieces
  9289 | D:9      | Bought a potion of might for 64 gold pieces
  9342 | D:9      | Found a staircase to the Lair.
  9547 | D:10     | Found a hazy altar of Hepliaklqana.
  9550 | D:10     | Found a shimmering blue altar of Sif Muna.
  9553 | D:10     | Found an ancient bone altar of Kikubaaqudgha.
  9554 | D:10     | Found an iron altar of Okawaru.
  9554 | D:10     | Found a hide-covered altar of Uskayaw.
  9554 | D:10     | Found a burning altar of Makhleb.
  9554 | D:10     | Found a glowing silver altar of Zin.
  9556 | D:10     | Found a radiant altar of Vehumet.
  9557 | D:10     | Found an ornate altar of the Wu Jian Council.
  9558 | D:10     | Found a white marble altar of Elyvilon.
  9559 | D:10     | Found a sparkling altar of Nemelex Xobeh.
  9853 | D:11     | Noticed a cyclops
  9860 | D:11     | Killed a cyclops
  9911 | D:11     | Noticed a two-headed ogre
  9916 | D:11     | Killed a two-headed ogre
 10183 | D:11     | Found a portal to a secret trove of treasure.
 10204 | Trove    | Entered a treasure trove
 10206 | Trove    | Found the +4 consecrated labrys {holy, Valiant Fragile Fly
                  | SInv}
 10225 | Trove    | Identified the +6 war axe of False Accusations {elec,
                  | Dex+4}
 10759 | Lair:1   | Entered Level 1 of the Lair of Beasts
 10787 | Lair:1   | Reached skill level 10 in Fighting
 11086 | Lair:1   | Reached * piety under Trog
 11650 | Lair:2   | Reached XP level 12. HP: 117/117 MP: 12/12
 11940 | Lair:2   | Noticed a five-headed hydra
 11945 | Lair:2   | Killed a seven-headed hydra
 11959 | Lair:2   | Found a staircase to the Snake Pit.
 12128 | Lair:2   | Noticed a seven-headed hydra
 12133 | Lair:2   | Reached skill level 11 in Fighting
 12138 | Lair:2   | Killed a ten-headed hydra
 12139 | Lair:2   | Reached skill level 15 in Axes
 12409 | Lair:2   | Found a staircase to the Swamp.
 12674 | Lair:2   | Noticed a six-headed hydra
 12682 | Lair:2   | Killed a nine-headed hydra
 13086 | Lair:3   | Gained mutation: You can use your snake-like lower body to
                  | constrict enemies. [Naga growth]
 13086 | Lair:3   | Reached XP level 13. HP: 127/127 MP: 13/13
 13262 | Lair:3   | Reached skill level 10 in Evocations
 13378 | Lair:3   | Reached skill level 12 in Fighting
 13927 | Lair:3   | Identified the +10 hand crossbow of Xiuzoun {elec, Int+3
                  | Dex+4}
 14119 | Lair:4   | Found a staircase to the Slime Pits.
 14126 | Lair:4   | Found a viscous altar of Jiyva.
 15199 | Lair:5   | Entered Level 5 of the Lair of Beasts
 15297 | Lair:5   | Identified the ring of Watoxits {rElec rPois rC+ Int+4
                  | Dex+6}
 15521 | Lair:5   | Reached XP level 14. HP: 124/139 MP: 14/14
 15962 | Lair:5   | Reached skill level 13 in Fighting
 16052 | Lair:5   | Identified the ring "Lastat" {rC+ Int+4}
 16262 | Lair:5   | Found a corrupted altar of Lugonu.
 16263 | Lair:5   | Found a one-way gate to the infinite horrors of the Abyss.
 16836 | D:12     | Identified a scroll of acquirement
 16837 | D:12     | Acquired 900 gold pieces
 16903 | D:12     | Found a shadowy altar of Dithmenos.
 16983 | D:12     | Reached skill level 5 in Armour
 17269 | D:12     | Found a staircase to the Orcish Mines.
 17270 | D:12     | Reached ***** piety under Trog
 17559 | D:13     | Found a gate to the Vaults.
 17709 | D:13     | Noticed Kirke
 17718 | D:13     | Killed Kirke
 17722 | D:13     | Reached skill level 14 in Fighting
 17923 | D:13     | Noticed Azrael
 17931 | D:13     | Killed Azrael
 18041 | D:13     | Found Weluat's Distillery.
 18047 | D:13     | Bought 2 potions of curing for 60 gold pieces
 18047 | D:13     | Bought a potion of curing for 30 gold pieces
 18047 | D:13     | Bought a potion of resistance for 100 gold pieces
 18047 | D:13     | Bought a potion of haste for 100 gold pieces
 18047 | D:13     | Bought a potion of might for 40 gold pieces
 18104 | D:14     | Received a gift from Trog
 18123 | D:14     | Found a frozen archway.
 18137 | IceCv    | Entered an ice cave
 18183 | IceCv    | Noticed a quicksilver ooze
 18188 | IceCv    | Killed a quicksilver ooze
 18247 | IceCv    | Noticed a quicksilver ooze
 18254 | IceCv    | Killed a quicksilver ooze
 18408 | IceCv    | Noticed a quicksilver ooze
 18472 | IceCv    | Noticed a quicksilver ooze
 18476 | IceCv    | Killed a quicksilver ooze
 18477 | IceCv    | Reached XP level 15. HP: 152/152 MP: 15/15
 18697 | IceCv    | Noticed a rockslime
 18710 | IceCv    | Killed a rockslime
 18747 | IceCv    | Found a viscous altar of Jiyva.
 18747 | IceCv    | Noticed an azure jelly
 18754 | IceCv    | Killed an azure jelly
 18756 | IceCv    | Noticed an azure jelly
 18774 | IceCv    | Killed an azure jelly
 18850 | IceCv    | Noticed an azure jelly
 18858 | IceCv    | Killed an azure jelly
 18859 | IceCv    | Reached skill level 15 in Fighting
 18910 | IceCv    | Got the ring of Vampiric Thralls {rElec rC+ Str-3 Dex+3}
 19106 | D:14     | Noticed Louise
 19123 | Abyss:2  | Cast into level 2 of the Abyss (Louise)
 19319 | Abyss:3  | Noticed a tentacled starspawn
 19325 | Abyss:3  | Killed a tentacled starspawn
 19392 | D:14     | Escaped the Abyss
 19407 | D:14     | Killed Louise
 19933 | D:14     | Identified the +3 kite shield of a treasure trove {Rampage
                  | rF+++ Dex-3 Stlth+}
 20045 | D:14     | Reached skill level 1 in Shields
 20059 | D:14     | Reached skill level 16 in Fighting
 20218 | D:14     | Reached XP level 16. HP: 165/165 MP: 16/16
 20593 | D:15     | Entered Level 15 of the Dungeon
 20603 | D:15     | Received a gift from Trog
 20741 | D:15     | Identified the +8 quarterstaff "Fixol" {heavy, rC+}
 20944 | D:15     | Reached skill level 5 in Shields
 21070 | D:15     | Found a staircase to the Depths.
 21208 | Orc:1    | Entered Level 1 of the Orcish Mines
 21320 | Orc:2    | Entered Level 2 of the Orcish Mines
 21483 | Orc:1    | Reached skill level 10 in Armour
 21548 | Orc:1    | Found Nyefyas's Weapon Boutique.
 22126 | Orc:2    | Received a gift from Trog
 22248 | Orc:2    | Found a staircase to the Elven Halls.
 22365 | Orc:2    | Found Xegaw's General Store.
 22366 | Orc:2    | Found Yfyget's Jewellery Boutique.
 22368 | Orc:2    | Found Nesysk's Antique Armour Boutique.
 22368 | Orc:2    | Found Jaohyebb's Antique Weapon Shop.
 22689 | Orc:2    | Bought a scroll of teleportation for 51 gold pieces
 22689 | Orc:2    | Bought a potion of ambrosia for 136 gold pieces
 22689 | Orc:2    | Bought a potion of might for 68 gold pieces
 22689 | Orc:2    | Bought a scroll of teleportation for 51 gold pieces
 22689 | Orc:2    | Bought a scroll of magic mapping for 127 gold pieces
 22952 | Snake:1  | Entered Level 1 of the Snake Pit
 23333 | Snake:1  | Reached skill level 17 in Fighting
 23433 | Snake:1  | Noticed Jorgrun
 23441 | Snake:1  | Killed Jorgrun
 23498 | Snake:1  | Reached XP level 17. HP: 176/176 MP: 17/17
 23630 | Snake:1  | Received a gift from Trog
 24229 | Snake:2  | Noticed Mlioglotl
 24239 | Snake:2  | Killed Mlioglotl
 24736 | Snake:2  | Found Ochom's Book Emporium.
 24739 | Snake:2  | Found Ninnu's Jewellery Shop.
 24740 | Snake:2  | Found Itixuw's Book Emporium.
 24747 | Snake:2  | Bought a manual of Armour for 1360 gold pieces
 24904 | Snake:2  | Noticed Aizul
 24923 | Snake:2  | Killed Aizul
 25230 | Snake:3  | Reached skill level 10 in Shields
 25798 | Snake:3  | Reached ****** piety under Trog
 25862 | Snake:4  | Entered Level 4 of the Snake Pit
 25906 | Snake:4  | Received a gift from Trog
 26187 | Snake:4  | Found Pota's Firing Range.
 26206 | Snake:4  | Bought a throwing net for 33 gold pieces
 26534 | Snake:4  | Reached XP level 18. HP: 158/187 MP: 18/18
 26666 | Snake:4  | Reached skill level 18 in Fighting
 27101 | Snake:4  | Got a serpentine rune of Zot
 27223 | Snake:4  | Identified the +7 quarterstaff of Conscience {vamp, rF+}
 27614 | Swamp:1  | Entered Level 1 of the Swamp
 28204 | Swamp:2  | Received a gift from Trog
 29282 | Swamp:3  | Identified the +1 scale mail "Licvouc" {rPois}
 29589 | Swamp:3  | Acquired 816 gold pieces
 29762 | Swamp:4  | Entered Level 4 of the Swamp
 30133 | Swamp:4  | Received a gift from Trog
 30194 | Swamp:4  | Reached XP level 19. HP: 174/198 MP: 19/19
 30563 | Swamp:4  | Got a decaying rune of Zot
 30862 | Vaults:1 | Entered Level 1 of the Vaults
 31102 | Vaults:1 | Identified the +10 war axe "Pafe Xer" {heavy, Dex+3} (Trog
                  | gifted it to you on level 1 of the Vaults)
 31102 | Vaults:1 | Received a gift from Trog
 31296 | Vaults:1 | Reached skill level 19 in Fighting
 31354 | Vaults:1 | Noticed Nikola
 31362 | Vaults:1 | Killed Nikola
 32044 | Vaults:1 | Reached skill level 15 in Armour
 32417 | Vaults:2 | Reached skill level 15 in Shields
 32486 | Vaults:2 | Received a gift from Trog
 32642 | Vaults:2 | Reached XP level 20. HP: 206/206 MP: 20/20
 32860 | Vaults:2 | Reached XP level 21. HP: 201/217 MP: 21/21
 32884 | Vaults:2 | Identified the +10 arbalest of Fate {drain, Fly rC++ Str-2
                  | Dex-2}
 32888 | Vaults:2 | Identified the +8 arbalest "Keimpip" {heavy, rN+}
 33472 | Vaults:3 | Found Pobeutiob's Assorted Antiques.
 33475 | Vaults:3 | Found Onurul's Distillery.
 33500 | Vaults:3 | Bought a scroll of enchant armour for 135 gold pieces
 33500 | Vaults:3 | Bought a potion of cancellation for 144 gold pieces
 33503 | Vaults:3 | Found Sadofeus's Weapon Emporium.
 33660 | Vaults:3 | Found Zoudgho's Jewellery Boutique.
 33674 | Vaults:3 | Received a gift from Trog
 33749 | Vaults:3 | Found a staircase to the Crypt.
 33749 | Vaults:3 | Found an ancient bone altar of Kikubaaqudgha.
 33750 | Vaults:3 | Found a basalt altar of Yredelemnul.
 33982 | Vaults:3 | Found Pyaso's Jewellery Shoppe.
 34374 | Vaults:3 | Reached skill level 20 in Fighting
 34757 | Crypt:1  | Entered Level 1 of the Crypt
 34780 | Crypt:1  | Noticed an ancient lich
 34782 | Crypt:1  | Found a transporter.
 35260 | Crypt:1  | Noticed a dread lich
 35288 | Crypt:1  | Found a transporter.
 35530 | Crypt:1  | Received a gift from Trog
 35559 | Crypt:1  | Killed a dread lich
 35565 | Crypt:1  | Killed an ancient lich
 35691 | Crypt:1  | Identified the +1 pair of gloves of Kesiykei {Str+3 SInv}
 35714 | Crypt:1  | Identified the +3 battleaxe "Apsiopox" {freeze, rElec Str-5
                  | Dex+5 SInv}
 35775 | Crypt:2  | Reached XP level 22. HP: 221/222 MP: 22/22
 36005 | Crypt:2  | Found an ancient bone altar of Kikubaaqudgha.
 36007 | Crypt:2  | Identified the +1 pair of boots of Okawaru's Reproof {-Tele
                  | rPois rF+}
 36056 | Crypt:2  | Identified the +2 war axe of Grace {heavy, rCorr} (Trog
                  | gifted it to you on level 2 of the Crypt)
 36056 | Crypt:2  | Received a gift from Trog
 36117 | Crypt:2  | Noticed Khufu
 36120 | Crypt:2  | Noticed a royal mummy
 36125 | Crypt:2  | Noticed a royal mummy
 36129 | Crypt:2  | HP: 11/230 [royal mummy/divine providence[Khufu] (16)]
 36130 | Crypt:2  | Killed from afar by Khufu

Illustrated notes

Levels and vault maps discovered:
D:1:      psy_arrival_basics, layout_loops_ring, serial_rivers,
          chequers_serial_rivers_room_b, chequers_serial_rivers_micro_a,
          chequers_serial_rivers_room_a, chequers_serial_rivers_micro_b,
          chequers_serial_rivers_large_b,
          shapermc_ecumenical_altar_mp_urbaneastern, glass_columns_a,
          feat_on_display
D:2:      layout_loops_ring, serial_aquarium, aquarium_bridge_long_joined
          [aquarium_subvault_wall, aquarium_subvault_bridge,
          aquarium_subvault_wall, aquarium_subvault_window,
          aquarium_subvault_bridge, aquarium_subvault_bridge],
          aquarium_window_2, aquarium_window_2, aquarium_window_corridor_1,
          aquarium_window_2, aquarium_view_2e
D:3:      layout_loops_corners, nicolae_qazlal_style_of_elements, uniq_sigmund,
          uniq_natasha, uniq_terence, uniq_robin
D:4:      layout_loops_ring, uniq_duvessa
D:5:      layout_loops_cross, mainiacjoe_overflow_concentric_impassable,
          serial_shops, nicolae_inconvenience_store, uniq_edmund
D:6:      layout_loops_ring, lemuel_temple_firewalk_b, serial_park_tiny_2,
          serial_bayou_crossing, uniq_grinder
D:7:      minmay_skewed_foursquare, layout_rooms, general_overflow_altar,
          kennysheep_slug_shrine, trog_butcher_becter, uniq_prince_ribbit1
D:8:      layout_rooms, hellmonk_bongcloud_opening
D:9:      layout_big_octagon, hellmonk_lair_entry_icy, serial_shops,
          nicolae_shop_hallway_plus, chequers_serial_rivers_room_a, uniq_maggie
D:10:     layout_stronghold, minitemple, st_stairs_12
D:11:     layout_roguey, enter_trove_1, centaur_isle
D:12:     layout_basic, erik_orc_1, nicolae_dithmenos_shadow_blocks
D:13:     layout_rooms, erik_vaults_1, serial_shops, kennysheep_little_box,
          uniq_azrael, uniq_kirke
D:14:     nicolae_aperiodic_l_corner, layout_loops_ring,
          portal_ice_cave_entry_ice_statue_one, chequers_serial_rivers_room_b,
          uniq_louise
D:15:     grunt_enter_depths_magical_seal, layout_cave_pools
Lair:1:   layout_loops_ring
Lair:2:   layout_regular_city, skrybe_swamp_entry_bodies,
          minmay_snake_entry_guardpost_medium, chequers_serial_rivers_small_a,
          chequers_serial_rivers_room_a, wad_woods_06, nicolae_lair_lindhole,
          infiniplex_staircase_pool_2
Lair:3:   layout_cave_pods, small_statue_intersection, st_stairs_7,
          nicolae_lair_lakeside_cave
Lair:4:   layout_cave_pods, minmay_slime_entry_jelly_boxes, grunt_megastairs_2
Lair:5:   hellmonk_lair_end_abyssal_woods, layout_regular_city,
          nicolae_lair_liquid_snakes
Swamp:1:  layout_basic_swamp, nicolae_swamp_triple_paths
Swamp:2:  layout_basic_swamp, nicolae_swamp_ascending_descending
Swamp:3:  nicolae_swamp_standing_stones, layout_basic_swamp, serial_swamp_ruin,
          evilmike_swamp_ruin_house_2, evilmike_swamp_ruin_rubble_1
Swamp:4:  swamp_icy, layout_basic_swamp, swamp_pool1,
          nicolae_swamp_little_swirl, infiniplex_staircase_pool
Snake:1:  layout_basic, nicolae_triple_integral, uniq_jorgrun
Snake:2:  layout_misc_corridors, minmay_shop_grove, lemuel_fruit_tree,
          uniq_aizul, uniq_mlioglotl
Snake:3:  layout_basic
Snake:4:  johnstein_snake_rune_scales, layout_onion_interference,
          nicolae_shop_firing_range
Orc:1:    layout_caves, serial_shops, nicolae_shop_advertising_works
          [nicolae_subvault_shop_adworks]
Orc:2:    st_orc_congregation, layout_caves
Vaults:1: vaults_room_door_hall, vaults_mumra_chevron, v_misc_32,
          ontoclasm_vaults_hangar, v_misc_25, v_misc_27, vaults_mumra_hex,
          vaults_room_semicircle, vaults_dpeg_emergency_exit,
          ontoclasm_vaults_eye, vaults_dpeg_ring, vaults_mumra_minichess,
          nicolae_vaults_little_squares_1, vaults_room_hallway,
          layout_vaults_ring, uniq_nikola
Vaults:2: hangedman_vaults_pinch, nicolae_vaults_c_with_doors,
          nicolae_vaults_inception_corners, ontoclasm_vaults_ring_small,
          v_misc_5, vaults_room_grid, v_alt_pattern_5,
          nicolae_vaults_yaktaur_gun_rack, vaults_mumra_hexcomb,
          vaults_room_semicircle, vaults_mumra_lcd, nicolae_vaults_asterisk,
          layout_vaults_omnicross
Vaults:3: minmay_crypt_entry_necro_gods, hangedman_vaults_stretched_pinwheel,
          nicolae_vaults_what_the_h, vaults_dpeg_diagonal, st_cells,
          ontoclasm_vaults_decontamination, vaults_dpeg_cross, v_misc_28,
          v_rooms_6, v_misc_18, vaults_dpeg_spiral, vaults_room_pool,
          v_alt_pattern_2, nicolae_vaults_little_squares_1,
          layout_vaults_omnibox, serial_shops, nicolae_square_shop, shop,
          nicolae_shop_overgrown_old_shop, shop_fountains, shop
Crypt:1:  gammafunk_the_bubble [the_bubble_gammafunk_grid], layout_regular_city
Crypt:2:  layout_basic, lemuel_statue_altar, minivault_25, uniq_khufu

Skill      XL: |  1  2  3  4  5  6  7  8  9 10 11 12 13 14 15 16 17 18 19 20 21 |
---------------+----------------------------------------------------------------+-----
Axes           | 4 5 6 7 9 11 12 14 15 17 18 | 18.0
Fighting       | 4 5 6 8 9 10 11 12 14 16 17 18 19 20 | 20.6
Evocations     | 2 4 6 8 9 10 12 | 12.3
Armour         | 3 7 9 10 12 14 15 16 | 16.4
Shields        | 3 8 11 13 15 16 | 16.7
Dodging        | |  1.5

Action                     |  1- 3 |  4- 6 |  7- 9 | 10-12 | 13-15 | 16-18 | 19-21 | 22-24 || total
---------------------------+-------+-------+-------+-------+-------+-------+-------+-------++-------
  Melee: Hand axe          |    51 |    49 |       |       |       |       |       |       ||   100
         Punch             |     1 |     1 |     1 |     4 |     6 |       |       |       ||    13
         Spear             |       |    15 |   229 |    92 |       |       |       |       ||   336
         Battleaxe         |       |       |     4 |    29 |       |       |       |       ||    33
         War axe           |       |       |       |    89 |       |       |       |       ||    89
         Labrys            |       |       |       |   207 |   723 |  1147 |   834 |   120 ||  3031
         Constrict         |       |       |       |       |   134 |   247 |   150 |    21 ||   552
  Throw: Dart              |       |       |     1 |     1 |       |       |       |       ||     2
 Invoke: Berserk           |     3 |     6 |    11 |    15 |    22 |    12 |     4 |       ||    73
         Trog's Hand       |       |       |       |       |     2 |       |     1 |       ||     3
         Brothers in Arms  |       |       |       |       |     1 |       |       |       ||     1
Ability: Spit Poison       |    35 |    15 |    23 |    11 |     2 |     1 |       |       ||    87
  Evoke: Wand              |       |       |     3 |    12 |     1 |     2 |       |       ||    18
         Condenser vane    |       |       |       |     1 |     4 |     2 |     1 |       ||     8
         Box of beasts     |       |       |       |     1 |     1 |     1 |       |       ||     3
         Phantom mirror    |       |       |       |       |     1 |     1 |       |       ||     2
    Use: Scroll            |     2 |     3 |    12 |     6 |    11 |     3 |     4 |     1 ||    42
         Potion            |       |       |       |       |       |     1 |     1 |       ||     2
   Stab: Sleeping          |     1 |     2 |     2 |       |       |    11 |       |       ||    16
         Petrified         |       |       |       |       |     5 |       |       |       ||     5
         Invisible         |       |       |       |       |     3 |       |       |       ||     3
         Distracted        |       |       |       |       |     1 |     1 |       |       ||     2
 Armour: Leather armour    |    14 |    18 |    30 |       |       |       |       |       ||    62
         Steam dragon scal |       |       |    30 |    30 |       |       |       |       ||    60
         Swamp dragon scal |       |       |       |   182 |   222 |       |       |       ||   404
         Quicksilver drago |       |       |       |       |   216 |   477 |    46 |       ||   739
         Ice dragon scales |       |       |       |       |       |       |   275 |    34 ||   309
  Dodge: Dodged            |    19 |    31 |    72 |   156 |   236 |   298 |   167 |    22 ||  1001
  Block: Kite shield       |       |       |       |       |    50 |   605 |   455 |    76 ||  1186

Table legend: (Time is in decaauts)
 A = Elapsed time spent in this place.
 B = Non-inter-level travel time spent in this place.
 C = Inter-level travel time spent in this place.
 D = Time resting spent in this place.
 E = Time spent auto-exploring this place.
 F = Levels seen in this place.
 G = Mean time per level.
                   A        B        C        D        E       F      G
               +--------+--------+--------+--------+--------+-----+--------+
         Total |  45953 |  42705 |   3248 |   2482 |  31824 |  39 | 1178.3 |
       Dungeon |  18605 |  17207 |   1398 |   1833 |  11930 |  15 | 1240.3 |
          Lair |   7807 |   7201 |    606 |    131 |   5900 |   5 | 1561.4 |
         Swamp |   3878 |   3621 |    257 |     47 |   2937 |   4 |  969.5 |
     Snake Pit |   5798 |   5484 |    314 |     38 |   4319 |   4 | 1449.5 |
  Orcish Mines |   2055 |   1651 |    404 |      0 |   1361 |   2 | 1027.5 |
        Vaults |   4753 |   4545 |    208 |    109 |   3624 |   3 | 1584.3 |
         Crypt |   1620 |   1562 |     58 |      0 |   1182 |   2 |  810.0 |
         Abyss |    306 |    306 |      0 |    121 |    105 |   2 |  153.0 |
         Trove |     58 |     58 |      0 |      0 |      7 |   1 |   58.0 |
      Ice Cave |   1067 |   1067 |      0 |    201 |    455 |   1 | 1067.0 |
               +--------+--------+--------+--------+--------+-----+--------+

Top non-repeatable levels by time:
 Snake:4: 2006 daAuts
    D:10: 1828 daAuts
    D:14: 1784 daAuts
  Lair:2: 1702 daAuts
  Lair:3: 1632 daAuts
     D:3: 1619 daAuts
Vaults:2: 1617 daAuts
Vaults:3: 1604 daAuts
  Lair:5: 1590 daAuts
  Lair:4: 1582 daAuts
 Snake:1: 1541 daAuts
     D:7: 1532 daAuts
Vaults:1: 1530 daAuts
     D:5: 1487 daAuts
     D:2: 1463 daAuts
